 Dungeon Crawl Stone Soup version 0.17-a0-1382-gc46a074 (webtiles) character file.

14 bal the Magician (level 2, -1/19 HPs)
             Began as a Demonspawn Wizard on June 15, 2015.
             Slain by a kobold
             ... wielding a +0 short sword
              (3 damage)
             ... on level 1 of the Dungeon.
             The game lasted 00:02:43 (648 turns).

bal the Magician (Demonspawn Wizard)                 Turns: 648, Time: 00:02:43

Health: -1/19      AC:  3    Str:  7    XL:     2   Next: 31%
Magic:  2/6        EV: 12    Int: 19    God:
Gold:   54         SH:  0    Dex: 11    Spells: 2 memorised, 4 levels left

rFire  . . .     SeeInvis .     o - -2 dagger
rCold  . . .     Clarity  .     a - +0 robe
rNeg   . . .     SustAt   .     (no shield)
rPois  .         Gourm    .     b - +1 hat
rElec  .         Spirit   .     (no cloak)
rCorr  .         Warding  .     (no gloves)
rMut   .         Stasis   .     (no boots)
MR     .....                    (no amulet)
Stlth  ++........               (no ring)
                                (no ring)

@: very slightly contaminated, not resistant to hostile enchantments, unstealthy
A: rot immunity
a: no special abilities


You were on level 1 of the Dungeon.
You were not hungry.

You visited 1 branch of the dungeon, and saw 1 of its levels.

You collected 54 gold pieces.

Inventory:

Hand weapons
 e - a +0 dagger
 o - a -2 dagger (weapon)
Armour
 a - a +0 robe (worn)
 b - a +1 hat (worn)
Scrolls
 g - a scroll of identify
 i - a scroll of enchant armour
Potions
 h - 2 potions of magic {unknown}
 n - a potion of flight
Books
 c - a book of Minor Magic

   Spells                             Type                      Level
   a - Magic Dart                     Conjuration                  1
   b - Blink                          Translocation                2
   c - Call Imp                       Summoning                    2
   d - Repel Missiles                 Charms/Air                   2
   e - Slow                           Hexes                        2
   f - Conjure Flame                  Conjuration/Fire             3
   g - Mephitic Cloud                 Conjuration/Poison/Air       3
Comestibles
 d - a bread ration
 f - a chunk of flesh
 l - a slice of pizza


   Skills:
 + Level 0.2 Fighting
 + Level 2.0 Dodging
 + Level 1.9 Stealth
 + Level 3.4 Spellcasting
 + Level 1.0 Conjurations
 + Level 1.0 Summonings
   Level 0.8 Translocations


You had 4 spell levels left.
You knew the following spells:

 Your Spells              Type           Power        Failure   Level  Hunger
a - Magic Dart            Conj           #...         12%         1    None
b - Call Imp              Summ           #.......     17%         2    ##.....


Dungeon Overview and Level Annotations

Branches:
Dungeon (1/15)

Altars:


Innate Abilities, Weirdness & Mutations

You are immune to rotting.


Message History

Confirm with . or Enter, or press ? or * to list all spells.
Aiming: Magic Dart
Press: ? - help, Shift-Dir - straight line, f/p - kobold
Aim: a kobold, wielding a short sword (almost dead)
The magic dart hits the kobold.
The kobold is almost dead.
The kobold hits you but does no damage.
Casting: Magic Dart
Confirm with . or Enter, or press ? or * to list all spells.
Aiming: Magic Dart
Press: ? - help, Shift-Dir - straight line, f/p - kobold
Aim: a kobold, wielding a short sword (almost dead)
You miscast Magic Dart.
You are very lightly contaminated with residual magic.
Nothing appears to happen.
The kobold hits you with a short sword.
* * * LOW HITPOINT WARNING * * *
You barely miss the kobold.
The kobold is almost dead.
The kobold hits you with a short sword.
You die...

*,**,*
######......#
#...##.#.# *,**,*
#......#
#...##.#.# *,**,*
#......#
#...##.#.# *,**,*
#......#
#...##.#.# *,**,*
####'###
#...##.#.#
*,**,**********#.#
#...##...##
*,**,,,,,,,,,,,#.#
*****###.##
*,*******#######(#
#.##
*,,,,,,,,......K@#
#.##
*********#########
#.## #.## #...
#... ####


You could see a kobold.

Vanquished Creatures
  A giant gecko (D:1)
  A ball python (D:1)
  2 bats (D:1)
  4 goblins (D:1)
  A kobold (D:1)
  2 rats (D:1)
11 creatures vanquished.

Vanquished Creatures (collateral kills)
  A hobgoblin (D:1)
  A bat (D:1)
  A rat (D:1)
3 creatures vanquished.

Grand Total: 14 creatures vanquished

Notes
Turn   | Place    | Note
--------------------------------------------------------------
     0 | D:1      | bal the Demonspawn Wizard began the quest for the Orb.
     0 | D:1      | Reached XP level 1. HP: 13/13 MP: 4/4
   332 | D:1      | Gained mutation: You are immune to rotting. [demonic ancestry]
   332 | D:1      | Reached XP level 2. HP: 19/19 MP: 0/6
   336 | D:1      | Learned a level 2 spell: Call Imp
   648 | D:1      | Slain by a kobold

Vault maps used:
D:1:      minmay_arrival_wavy_path

Action                   || total
-------------------------++-------
Melee: Dagger            ||    40
 Cast: Magic Dart        ||    22
       Call Imp          ||     4
  Use: Scroll            ||     6
